Map: Blackpink LE

Players

VitamiN - Winner!

  • Race: Zerg Zerg
  • Spawn Location: 7:00

Reempi

  • Race: Protoss Protoss
  • Spawn Location: 1:00

Event: WCS Leipzig 2018

VOD

Have the link to the VOD?

Description

Time

  • Played on: Jan. 26, 2018, 7:08 a.m.
  • Length: 7:43

All games in this series

Show
View Real Time Build Order
Export as new Build Order

VitamiN Zerg - Winner!

Build Orders: Hatch First 

Get SALT Encoding   

  12  0:02  Drone  
  13  0:12  Overlord  
  13  0:17  Drone  
  14  0:23  Extractor  
  14  0:24  Drone  
  15  0:31  Drone  
  15  0:35  Drone  
  17  0:55  Hatchery  
  16  0:57  Drone  
  16  1:01  Drone  
  18  1:11  Extractor  
  17  1:18  Spawning Pool  
  16  1:20  Drone  
  16  1:23  Drone  
  18  1:30  Drone  
  19  1:43  Drone  
  20  2:06  Overlord  
  21  2:08  Zergling x4  
  21  2:10  Queen x2  
  21  2:13  Metabolic Boost  
  26  2:25  Drone x3  
  30  2:30  Drone  
  30  2:40  Drone  
  31  2:46  Hatchery  
  30  2:52  Pneumatized Carapace  
  30  2:54  Drone  
  31  2:59  Overlord  
  31  3:06  Zergling x6  
  31  3:08  Zergling x2  
  35  3:17  Overlord  
  35  3:18  Zergling x2  
  36  3:29  Zergling x2  
  36  3:30  Zergling x10  
  42  3:42  Overlord  
  42  3:43  Drone  
  42  3:52  Drone x2  
  43  3:59  Overlord  
  43  4:00  Drone x2  
  43  4:02  Lair  
  45  4:06  Queen  
  47  4:13  Drone x3  
  51  4:24  Drone x5  
  51  4:25  Drone  
  56  4:35  Drone  
  56  4:36  Drone x5  
  61  4:40  Extractor  
  59  4:48  Drone x2  
  59  4:49  Drone  
  62  4:52  Extractor  
  62  4:55  Drone x4  
  65  5:00  Overlord  
  65  5:02  Drone x2  
  65  5:03  Extractor  
  65  5:04  Drone  
  65  5:06  Drone  
  68  5:07  Hydralisk Den  
  67  5:15  Overlord x2  
  67  5:18  Overseer  
  67  5:22  Overlord x2  
  67  5:30  Queen  
  69  5:37  Hatchery  
  69  5:40  Muscular Augments  
  68  5:43  Drone x4  
  72  5:52  Hydralisk x4  
  72  5:53  Hydralisk  
  72  5:55  Hydralisk  
  84  5:57  Hydralisk  
  86  6:06  Hydralisk x3  
  92  6:12  Hydralisk  
  92  6:13  Hydralisk  
  92  6:17  Zergling x2  
  92  6:18  Zergling x6  
  100  6:23  Overlord x3  
  100  6:34  Zergling x4  
  100  6:35  Zergling x8  
  106  6:50  Drone x8  
  111  6:59  Overlord x2  
  111  7:00  Hydralisk  
  111  7:03  Hydralisk x2  
  111  7:04  Hydralisk x4  
  111  7:05  Hydralisk  
  119  7:12  Overlord x2  
  118  7:17  Baneling Nest  
  118  7:19  Evolution Chamber  
  118  7:21  Evolution Chamber  
  116  7:28  Extractor x2  
Show
View Real Time Build Order
Export as new Build Order

Reempi Protoss 

Build Orders:  

Get SALT Encoding   

  12  0:00  Probe  
  13  0:12  Probe  
  14  0:19  Pylon  
  14  0:25  Probe  
  15  0:37  Probe (Chrono Boost)  
  15  0:38  Gateway  
  16  0:49  Probe (Chrono Boost)  
  17  0:50  Assimilator  
  17  0:54  Probe (Chrono Boost)  
  18  0:59  Assimilator  
  18  1:03  Probe  
  19  1:11  Gateway  
  19  1:15  Probe (Chrono Boost)  
  20  1:25  Probe (Chrono Boost)  
  21  1:29  Pylon  
  21  1:30  Probe (Chrono Boost)  
  22  1:44  Cybernetics Core  
  22  1:49  Probe  
  23  2:09  Pylon  
  23  2:20  Warp Gate (Chrono Boost)  
  23  2:21  Stalker x2  
  27  2:28  Robotics Facility  
  27  2:52  Stalker  
  29  3:22  Stalker  
  31  3:39  Nexus  
  31  3:45  Shield Battery  
  29  3:54  Pylon  
  27  3:57  Shield Battery  
  27  4:05  Robotics Facility  
  27  4:13  Twilight Council  
  27  4:34  Gateway  
  27  4:35  Stalker  
  27  4:36  Stalker  
  27  4:37  Charge (Chrono Boost)  
  31  4:50  Immortal (Chrono Boost)  
  35  5:03  Pylon  
  35  5:16  Stalker  
  35  5:17  Stalker  
  39  5:23  Immortal  
  43  5:39  Forge  
  43  5:40  Forge  
  43  5:44  Pylon  
  43  5:45  Zealot x2  
  47  6:08  Nexus  
  47  6:49  Observer, Pylon  
  37  7:14  Stalker x2  
Tags
 
Add a new tag
Caveats
  • Supply blocks, unpowered buildings, or Contaminate may cause inaccurate times.
  • Supply counts are checked every 10 seconds.